 Dungeon Crawl Stone Soup version 0.24-a0-524-gf43b32f898 (webtiles) character file.

Game seed: 15606183365896596229

2242 Peloso the Blocker (level 9, -3/78 HPs)
             Began as a Minotaur Fighter on July 31, 2019.
             Was a Priest of Okawaru.
             Slain by a worker ant (8 damage)
             ... on level 6 of the Dungeon.
             The game lasted 00:11:19 (6259 turns).

Peloso the Blocker (Minotaur Fighter)               Turns: 6259, Time: 00:11:20

Health: -3/78      AC: -3    Str: 23    XL:     9   Next: 14%
Magic:  8/8        EV: 13    Int: 10    God:    Okawaru [***...]
Gold:   364        SH: 12    Dex: 16    Spells: 8/8 levels left

rFire    . . .     SeeInvis .   a - +0 long sword
rCold    . . .     Gourm    .   c - +0 shield
rNeg     . . .     Faith    .   j - +0 chain mail
rPois    .         Spirit   .   (helmet restricted)
rElec    .         Reflect  .   k - +0 cloak
rCorr    .         Harm     .   (no gloves)
MR       .....                  (no boots)
Stlth    ..........             (no amulet)
HPRegen  0.23/turn              (no ring)
MPRegen  0.11/turn              (no ring)

@: brilliant, agile, corroded
A: retaliatory headbutt, horns 2
a: Heroism, Renounce Religion


You were on level 6 of the Dungeon.
You worshipped Okawaru.
Okawaru was most pleased with you.
You were hungry.

You visited 1 branch of the dungeon, and saw 7 of its levels.

You collected 364 gold pieces.

Inventory:

Hand Weapons
 a - a +0 long sword (weapon)
Armour
 b - a +0 scale mail
 c - a +0 shield (worn)
 j - a +0 chain mail (worn)
 k - a +0 cloak (worn)
 G - +0 fire dragon scales
Jewellery
 w - a cursed -3 ring of strength {unknown}
 y - a +2 ring of evasion {unknown}
Wands
 D - a wand of flame (8)
 E - a wand of digging (7)
 H - a wand of iceblast (1)
Scrolls
 e - 2 scrolls of magic mapping {unknown}
 g - 8 scrolls of identify {unknown}
 i - 2 scrolls of immolation {unknown}
 m - a scroll of enchant armour {unknown}
 n - a scroll of fear {unknown}
 s - a scroll of noise {unknown}
 t - 3 scrolls of blinking {unknown}
 x - 2 scrolls of fog {unknown}
 I - a scroll of teleportation {unknown}
Potions
 d - a potion of might
 h - a potion of ambrosia {unknown}
 l - 2 potions of brilliance
 o - 2 potions of agility
 p - a potion of curing
 q - a potion of mutation {unknown}
 r - 2 potions of heal wounds {unknown}
 u - a potion of invisibility {unknown}
 v - a potion of resistance {unknown}
 z - 2 potions of haste {unknown}
 A - a potion of degeneration {unknown}
 B - a potion of magic {unknown}
 C - a potion of cancellation {unknown}
 F - a potion of flight {unknown}
Comestibles
 f - 8 rations


   Skills:
 + Level 6.4 Fighting
 + Level 8.3 Long Blades
 + Level 8.1 Armour
 + Level 2.7 Dodging
 + Level 0.3 Stealth
 + Level 8.3 Shields
 + Level 0.4 Invocations
 + Level 0.1 Evocations


You had 8 spell levels left.
You didn't know any spells.
Your spell library was empty.

Dungeon Overview and Level Annotations

Branches:
Dungeon (7/15)
 Temple: D:4-7

Altars:
Cheibriados
Dithmenos
Elyvilon
Fedhas
Hepliaklqana
Okawaru
Yredelemnul


Innate Abilities, Weirdness & Mutations

You reflexively headbutt those who attack you in melee.
You have a pair of horns on your head.


Message History

* * * LOW HITPOINT WARNING * * *
You closely miss the worker ant.
The worker ant is heavily wounded.
You block the worker ant's attack.
You closely miss the worker ant.
The worker ant is heavily wounded.
You block the worker ant's attack.
You hit the worker ant.
The worker ant is heavily wounded.
The worker ant bites you.
* * * LOW HITPOINT WARNING * * *
The worker ant barely misses you.
You riposte.
You hit the worker ant but do no damage.
You headbutt the worker ant, but do no damage.
The worker ant is heavily wounded.
You hit the worker ant.
You headbutt the worker ant, but do no damage.
The worker ant is almost dead.
The worker ant bites you!
You die...

##.#.#........#####.# #.#
##...........### #.# #.#
#............# #.###.#
##.....##.#..# #..##.#
#######.#.#####..# ##)##.#
#.........#####..########.#...
#.###.........#..........<...#
#.# #.#.#####a...............#
#.# #.#.# #@#####..####.#..#
#.# #.#.# #.# #..## #.#..# #.#
#.#.# #.# #...###.#..#
#.###.#.## #.# #.......#..#
#......#.## #.#####...#####..#
#####.###.###...........# #..#
#.## ##.......###..#.###..#
##.###.######## #..........
##.#.## #.##.##...#


You could see a worker ant.

Vanquished Creatures
  Grinder (D:6)
  Menkaure (D:6)
  Edmund (D:5)
  Duvessa (D:6)
  2 orc warriors (D:6)
  A necrophage (D:7)
  A black bear (D:7)
  An ogre (D:6)
  2 bullfrogs
  A wyvern skeleton (D:7)
  Dowan (D:6)
  3 scorpions
  2 howler monkeys
  2 hounds
  3 jellies
  Crazy Yiuf (D:2)
  2 bullfrog skeletons
  3 orc priests
  An orc wizard (D:3)
  An iguana (D:5)
  9 worker ants
  Robin (D:2)
  9 adders
  A shadow imp (D:7)
  A worm (D:3)
  A dart slug (D:4)
  3 leopard geckos
  22 orcs
  9 bats
  3 giant cockroaches
  13 goblins
  11 hobgoblins
  3 jackals (D:2)
  4 kobolds
  2 quokkas
  A ball python (D:2)
  5 frilled lizards
  A leopard gecko skeleton (D:4)
  5 rats
135 creatures vanquished.

Notes
Turn   | Place    | Note
-------+----------+-------------------------------------------
     0 | D:1      | Peloso the Minotaur Fighter began the quest for the Orb.
     0 | D:1      | Reached XP level 1. HP: 19/19 MP: 0/0
    85 | D:1      | Reached XP level 2. HP: 27/27 MP: 1/1
   490 | D:2      | Found a shadowy altar of Dithmenos.
   495 | D:2      | Noticed Robin
   789 | D:1      | Reached XP level 3. HP: 33/33 MP: 2/2
   902 | D:2      | Killed Robin
   958 | D:2      | Found a hazy altar of Hepliaklqana.
  1402 | D:2      | Found a runed translucent door.
  1403 | D:2      | Noticed Crazy Yiuf
  1458 | D:2      | Reached XP level 4. HP: 40/40 MP: 3/3
  1679 | D:2      | Killed Crazy Yiuf
  1726 | D:3      | Found a faded altar of an unknown god.
  1800 | D:3      | Found a blossoming altar of Fedhas.
  2173 | D:3      | Reached XP level 5. HP: 33/47 MP: 4/4
  2388 | D:3      | Reached skill level 5 in Shields
  2528 | D:3      | Reached XP level 6. HP: 43/53 MP: 5/5
  2916 | D:4      | Reached skill level 5 in Armour
  3162 | D:4      | Found an iron altar of Okawaru.
  3165 | D:4      | Became a worshipper of Warmaster Okawaru
  3203 | D:4      | Reached skill level 5 in Fighting
  3482 | D:5      | Entered Level 5 of the Dungeon
  3505 | D:5      | Reached skill level 1 in Dodging
  3520 | D:5      | Reached XP level 7. HP: 43/61 MP: 6/6
  3529 | D:5      | Noticed Edmund
  3958 | D:5      | Killed Edmund
  3958 | D:5      | Reached skill level 5 in Long Blades
  4160 | D:5      | Reached * piety under Okawaru
  4820 | D:6      | Found a white marble altar of Elyvilon.
  4909 | D:6      | Noticed Grinder
  4916 | D:6      | Paralysed by Grinder for 6 turns
  4931 | D:6      | Killed Grinder
  4931 | D:6      | Reached XP level 8. HP: 14/70 MP: 7/7
  5651 | D:6      | Noticed Menkaure
  5655 | D:6      | Killed Menkaure
  5655 | D:6      | Reached ** piety under Okawaru
  5694 | D:6      | Noticed Dowan
  5710 | D:6      | Killed Dowan
  5764 | D:6      | Noticed Duvessa
  5775 | D:6      | Killed Duvessa
  5956 | D:6      | Found Koliel's Antique Weapon Boutique.
  6047 | D:6      | Found a basalt altar of Yredelemnul.
  6125 | D:7      | Found a snail-covered altar of Cheibriados.
  6129 | D:7      | Reached XP level 9. HP: 77/77 MP: 8/8
  6153 | D:7      | Reached *** piety under Okawaru
  6251 | D:6      | HP: 3/78 [poisoned by a worker ant]
  6259 | D:6      | Slain by a worker ant

Levels and vault maps discovered:
D:1:      elethiomel_arrival_shortcut, layout_rooms, minmay_fountain_box,
          minmay_crystal_room, serial_bayou_lagoon_a, minmay_pentomino_v2
D:2:      layout_basic, lemuel_crystal_altar, first_ration,
          nicolae_dithmenos_shadow_blocks, uniq_robin, uniq_crazy_yiuf_cottage
D:3:      layout_basic, overflow_temple_1_default,
          chequers_ecumenical_altar_simple, chequers_mini_garden
D:4:      layout_loops_ring, okawaru_metal_pillars_3
D:5:      layout_loops_cross, uniq_edmund
D:6:      layout_loops_ring, kennysheep_ying_yang, serial_shops,
          nicolae_shop_behind_doors, uniq_duvessa, uniq_menkaure, uniq_grinder
D:7:      layout_rooms, minmay_temple_entry_gardened_gates, basic_altar,
          grunt_livestock, minmay_misc_feat_plants,
          nicolae_qazlal_eye_of_the_storm

Skill      XL: |  1  2  3  4  5  6  7  8  9 |
---------------+----------------------------+-----
Armour         | 4 5 6 7 8 |  8.1
Shields        | 4 5 6 7 8 |  8.3
Fighting       | 4 5 6 |  6.4
Long Blades    | 3 4 6 8 |  8.3
Dodging        | 1 2 |  2.7
Stealth        | |  0.3
Invocations    | |  0.4
Evocations     | |  0.1

Action                   |  1- 3 |  4- 6 |  7- 9 || total
-------------------------+-------+-------+-------++-------
Melee: Long sword        |    93 |   155 |   212 ||   460
       Headbutt          |    12 |    36 |    46 ||    94
Invok: Heroism           |       |       |     3 ||     3
Evoke: Wand              |       |       |     3 ||     3
  Use: Potion            |       |       |     4 ||     4
  Eat: Chunk             |     1 |     7 |     9 ||    17
Armor: Scale mail        |     5 |       |       ||     5
       Chain mail        |    54 |    74 |    77 ||   205
Dodge: Dodged            |    26 |    45 |    62 ||   133
Block: Shield            |    66 |    80 |   141 ||   287
       Rpst.: Long sword |     7 |    14 |    17 ||    38

Table legend:
 A = Non-vault XP
 B = Vault XP
 C = Vault XP percentage of total XP
 D = Non-vault monster count
 E = Vault monster count
 F = Vault count percentage of total count
                 A         B        C        D         E       F
            +---------+---------+-------+---------+---------+-------
      Total |    2289 |     914 |  28.5 |     115 |      20 |  14.8
            +---------+---------+-------+---------+---------+-------
        D:1 |      19 |      13 |  40.6 |      11 |       7 |  38.9
        D:2 |      55 |      72 |  56.7 |      18 |       8 |  30.8
        D:3 |     229 |       0 |   0.0 |      34 |       0 |   0.0
        D:4 |     245 |       0 |   0.0 |      13 |       0 |   0.0
        D:5 |     293 |     158 |  35.0 |      13 |       1 |   7.1
        D:6 |     851 |     671 |  44.1 |      16 |       4 |  20.0
        D:7 |     597 |       0 |   0.0 |      10 |       0 |   0.0
            +---------+---------+-------+---------+---------+-------
